 Dungeon Crawl Stone Soup version 0.24.0-13-gcf9b3192b9 (webtiles) character file.

Game seed: 1646751223229370282, levelgen mode: deterministic

81 DarthUnicorn the Skirmisher (level 4, 0/45 HPs)
             Began as an Ogre Skald on Nov 6, 2019.
             Succumbed to an adder's poison
             ... on level 2 of the Dungeon.
             The game lasted 00:05:09 (833 turns).

DarthUnicorn the Skirmisher (Ogre Skald)             Turns: 833, Time: 00:05:10

Health: 0/45       AC:  3    Str: 16    XL:     4   Next: 42%
Magic:  4/8        EV: 10    Int: 16    God:
Gold:   45         SH:  0    Dex:  8    Spells: 0/8 levels left

rFire    . . .     SeeInvis .   k - +0 flail
rCold    . . .     Gourm    .   (no shield)
rNeg     . . .     Faith    .   b - +0 robe
rPois    .         Spirit   .   (helmet restricted)
rElec    .         Reflect  .   (no cloak)
rCorr    .         Harm     .   (gloves unavailable)
MR       .....     Rnd*Rage +   (boots unavailable)
Stlth    +.........             (no amulet)
HPRegen  0.15/turn              (no ring)
MPRegen  0.11/turn              (no ring)

@: lethally poisoned (0 -> -7), very slightly contaminated
A: large, unfitting armour, berserk 1, clever 1, screaming 1, tough skin 1,
MP-powered wands
a: no special abilities


You were on level 2 of the Dungeon.
You were hungry.

You visited 1 branch of the dungeon, and saw 2 of its levels.

You collected 45 gold pieces.

Inventory:

Hand Weapons
 k - a +0 flail (weapon)
Missiles
 g - 31 sling bullets
 l - a throwing net (quivered)
Armour
 b - a +0 robe (worn)
Scrolls
 a - 2 scrolls of magic mapping {unknown}
 e - a scroll of fear {unknown}
 h - a scroll of remove curse {unknown}
 i - a scroll of random uselessness {unknown}
 j - a scroll of enchant weapon {unknown}
Comestibles
 d - a ration
 f - 6 chunks of flesh


   Skills:
 + Level 3.3 Fighting
 + Level 2.7 Maces & Flails
 + Level 2.8 Dodging
 + Level 2.7 Spellcasting
 + Level 3.1 Charms


You couldn't memorise any spells.
You knew the following spells:

 Your Spells              Type           Power        Failure   Level  Hunger
a - Infusion              Chrm           ##..         5%          1    #......
b - Song of Slaying       Chrm           ##......     8%          2    ##.....
c - Shroud of Golubria    Chrm/Tloc      #.....       16%         2    ##.....
d - Spectral Weapon       Hex/Chrm       #.......     30%         3    ###....

Your spell library contained the following spells:

 Spells                   Type           Power        Failure   Level  Hunger
 Regeneration             Chrm/Necr      #.........   30%         3    ###....


Dungeon Overview and Level Annotations

Branches:
Dungeon (2/15)

Altars:
The Shining One


Innate Abilities, Weirdness & Mutations

You are too large for most types of armour.
You have tough skin. (AC +1)
You tend to lose your temper in combat.
Your mind is acute. (Int +2)
You occasionally shout uncontrollably at your foes.
You expend magic power (3 MP) to strengthen your wands.


Message History

The adder is almost dead.
Your shroud unravels.
You feel sick. The adder bites you but does no damage. The adder bites you.
* * * LOW HITPOINT WARNING * * *
You are more poisoned.
The adder poisons you!
Some of the chunks of flesh in your inventory have rotted away.
Unknown command.
You aren't carrying any potions.
Unknown command.
Unknown command.
You barely miss the adder.
The adder is almost dead.
* * * LOW HITPOINT WARNING * * *
You feel sick. The adder closely misses you. The adder barely misses you.
You hit the adder.
You kill the adder!
* * * LOW HITPOINT WARNING * * *
You feel sick.
You die...

#!# #/#
# ._.
#.#.#
.#.#
..# #.#
#@# #.#
#.#
#.#####
#....<#
#######


There were no monsters in sight!

Vanquished Creatures
  An adder (D:2)
  4 gnolls
  2 dart slugs
  2 leopard geckos
  2 giant cockroaches (D:1)
  2 goblins (D:1)
  3 hobgoblins (D:1)
  3 jackals (D:1)
  2 kobolds
  A ball python (D:1)
  2 bats (D:1)
  4 frilled lizards
  3 rats (D:1)
31 creatures vanquished.

Notes
Turn   | Place    | Note
-------+----------+-------------------------------------------
     0 | D:1      | DarthUnicorn the Ogre Skald began the quest for the Orb.
     0 | D:1      | Reached XP level 1. HP: 22/22 MP: 3/3
   120 | D:1      | Reached XP level 2. HP: 27/29 MP: 2/5
   215 | D:1      | Learned a level 2 spell: Song of Slaying
   218 | D:1      | Learned a level 2 spell: Shroud of Golubria
   384 | D:1      | Reached XP level 3. HP: 9/37 MP: 3/6
   693 | D:2      | Reached XP level 4. HP: 13/45 MP: 4/8
   797 | D:1      | Learned a level 3 spell: Spectral Weapon
   808 | D:2      | Found a glowing golden altar of the Shining One.
   821 | D:2      | Gained mutation: You tend to lose your temper in combat.
                  | [potion of mutation]
   821 | D:2      | Gained mutation: You occasionally shout uncontrollably at
                  | your foes. [potion of mutation]
   821 | D:2      | Gained mutation: You expend magic power (3 MP) to
                  | strengthen your wands. [potion of mutation]
   821 | D:2      | Gained mutation: Your mind is acute. (Int +2) [potion of
                  | mutation]
   831 | D:2      | HP: 2/45 [poisoned by an adder]
   833 | D:2      | Succumbed to an adder's poison

Levels and vault maps discovered:
D:1:      ebering_hopf_link, layout_basic, st_stairs_13, kennysheep_doodads
D:2:      layout_basic, lemuel_crystal_altar, lightli_temple_of_fire,
          nicolae_dithmenos_shadow_blocks

Skill      XL: |  1  2 |
---------------+-------+-----
Maces & Flails | 2 |  2.7
Charms         | 3 |  3.1
Fighting       | 3 |  3.3
Dodging        | |  2.8
Spellcasting   | |  2.7

Action                   |  1- 3 |  4- 6 || total
-------------------------+-------+-------++-------
Melee: Mace              |    91 |       ||    91
       Flail             |    21 |    23 ||    44
 Cast: Infusion          |     4 |       ||     4
       Shroud of Golubri |     5 |     2 ||     7
  Use: Potion            |     1 |     1 ||     2
Armor: Robe              |    29 |     7 ||    36
Dodge: Dodged            |    79 |    15 ||    94
